 Dungeon Crawl Stone Soup version 0.22-a0-135-g6f012ad (webtiles) character file.

902 sankara the Purveyor of Pain (level 7, 0/46 HPs)
             Began as a Demonspawn Necromancer on Feb 1, 2018.
             Was an Initiate of Kikubaaqudgha.
             Succumbed to a killer bee's poison
             ... on level 5 of the Dungeon.
             The game lasted 00:36:27 (6127 turns).

sankara the Purveyor of Pain (DsNe)                 Turns: 6127, Time: 00:36:28

Health: 0/46       AC:  3    Str:  8    XL:     7   Next: 80%
Magic:  2/14       EV: 12    Int: 17    God:    Kikubaaqudgha [......]
Gold:   272        SH:  9    Dex: 15    Spells: 3/15 levels left

rFire    . . .     SeeInvis .   a - +3 dagger (venom)
rCold    . . .     Gourm    .   p - +0 buckler
rNeg     . . .     Faith    .   s - +0 robe
rPois    .         Spirit   .   (no helmet)
rElec    .         Reflect  .   (no cloak)
rCorr    .         Harm     .   o - +0 pair of gloves
MR       +....                  (no boots)
Stlth    ++........             (no amulet)
HPRegen  0.15/turn              u - ring of protection from magic
MPRegen  0.14/turn              (no ring)

@: lethally poisoned (0 -> -11)
A: talons 1, large bone plates 1, powered by pain 1
a: Renounce Religion


You were on level 5 of the Dungeon.
You worshipped Kikubaaqudgha.
Kikubaaqudgha was noncommittal.
You were not hungry.

You visited 2 branches of the dungeon, and saw 7 of its levels.

You collected 272 gold pieces.

Inventory:

Hand Weapons
 a - a +3 dagger of venom (weapon)
 b - a +1 hunting sling
 d - a +2 mace of protection
Missiles
 e - 185 stones (quivered)
 v - 21 poisoned needles
Armour
 o - a +0 pair of gloves (worn)
 p - a +0 buckler (worn)
 s - a +0 robe (worn)
 y - a +0 shield
Magical Staves
 c - an uncursed staff of wizardry
Jewellery
 u - a ring of protection from magic (left hand)
 A - the ring "Syf Siadd" {*Corrode rF+ rC+++ Str+4 Int+2}
   (You found it on level 4 of the Dungeon)

   [ring of intelligence]

   It affects your strength (+4).
   It affects your intelligence (+2).
   It protects you from fire.
   It renders you almost immune to cold.
   It may corrode you when you take damage.
 C - the amulet of the Thistle {Inacc Str+4 Int+4 Dex+2 Stlth-}
   (You found it on level 5 of the Dungeon)

   [amulet of inaccuracy]

   It reduces the accuracy of all your attacks.
   It affects your strength (+4).
   It affects your intelligence (+4).
   It affects your dexterity (+2).
   It makes you less stealthy.
Scrolls
 f - 4 scrolls of identify
 g - a scroll of enchant weapon
 j - 2 scrolls of teleportation
 B - 3 scrolls of remove curse
Potions
 h - 2 potions of brilliance {unknown}
 i - 2 potions of mutation {unknown}
 k - a potion of might {unknown}
 q - a potion of resistance {unknown}
 r - a potion of degeneration {unknown}
 t - 2 potions of curing {unknown}
 x - 2 potions of heal wounds {unknown}
 z - a potion of cancellation {unknown}
 D - a potion of ambrosia {unknown}
Books
 l - a book of Maledictions

   Spells                             Type                      Level
   a - Corona                         Hexes                        1
   b - Ensorcelled Hibernation        Hexes/Ice                    2
   c - Confuse                        Hexes                        3
   d - Tukima's Dance                 Hexes                        3
   e - Dazzling Spray                 Conjuration/Hexes            3
 n - a book of Necromancy

   Spells                             Type                      Level
   a - Pain                           Necromancy                   1
   b - Animate Skeleton               Necromancy                   1
   c - Vampiric Draining              Necromancy                   3
   d - Regeneration                   Charms/Necromancy            3
   e - Animate Dead                   Necromancy                   4
Comestibles
 w - 2 rations


   Skills:
 + Level 2.4 Maces & Flails
 - Level 1.7 Dodging
 - Level 1.7 Stealth
 + Level 3.7 Shields
 + Level 4.9 Spellcasting
 + Level 7.0 Necromancy


You had 3 spell levels left.
You knew the following spells:

 Your Spells              Type           Power        Failure   Level  Hunger
a - Pain                  Necr           ####         1%          1    None
b - Animate Skeleton      Necr           N/A          1%          1    None
c - Vampiric Draining     Necr           ####......   2%          3    ###....
d - Regeneration          Chrm/Necr      ###.......   10%         3    ###....
e - Animate Dead          Necr           N/A          8%          4    ####...


Dungeon Overview and Level Annotations

Branches:
Dungeon (6/15)             Temple (1/1) D:5

Altars:
Ashenzari
Cheibriados
Dithmenos
Elyvilon
Fedhas
Gozag
Hepliaklqana
Kikubaaqudgha
Makhleb
Nemelex Xobeh
Okawaru
Qazlal
Ru
Sif Muna
Trog
Uskayaw
Vehumet
Wu Jian
Xom
Yredelemnul
Zin
The Shining One


Innate Abilities, Weirdness & Mutations

You have sharp toenails.
You are partially covered in large bone plates. (SH +4)
You sometimes gain a little power by taking damage.


Message History

* * * LOW HITPOINT WARNING * * *
You feel sick.
* * * LOW HITPOINT WARNING * * *
You feel sick.
* * * LOW HITPOINT WARNING * * *
You feel sick.
* * * LOW HITPOINT WARNING * * *
You feel sick.
You feel sick.
Your skin is crawling a little less now.
* * * LOW HITPOINT WARNING * * *
You feel sick.
You feel sick.
* * * LOW HITPOINT WARNING * * *
You feel sick.
You feel sick.
You feel sick.
Your skin stops crawling.
You die...
Kikubaaqudgha rasps: "You have failed me!
Welcome... death!"

####### #........#.#####........
#.....# #####......# ##........
#.....# ###...##.####.....#...
#.....# ##....###((....(.#.#.##
#.....#####..#..###.##....##.#.#
#...........#...##..##...###...#
#.....#######....#.###..###..####
#......# #.##.#.###.(.##......
#......# #.##@#.##.(.....####.
#......## #.##†#.##...##...###.
######..## ##.##.#....#.#..#.....
##..###..##..y...#...#......
##........#.......##..##...
#...................###...
#................#### #...
#................# ##..
####............#...#######..


There were no monsters in sight!

Vanquished Creatures
  An ice beast (D:5)
  A phantom (D:4)
  A centaur (D:5)
  3 killer bees (D:5)
  A bullfrog zombie (D:5)
  A jelly (D:4)
  A centaur skeleton (D:5)
  An orc priest (D:4)
  A bullfrog skeleton (D:5)
  A hound (D:5)
  An orc wizard (D:3)
  Jessica (D:3)
  2 worker ants (D:4)
  7 adders
  4 gnolls (D:4)
  2 oozes (D:3)
  A worm (D:2)
  2 dart slugs
  4 leopard geckos
  11 orcs
  A ball python (D:1)
  8 giant cockroaches
  7 goblins
  8 hobgoblins
  10 jackals
  2 quokkas
  5 bats
  5 frilled lizards
  9 kobolds
  7 rats
109 creatures vanquished.

Vanquished Creatures (collateral kills)
  An ooze (D:3)
  A frilled lizard (D:3)
  A rat (D:3)
3 creatures vanquished.

Grand Total: 112 creatures vanquished

Notes
Turn   | Place    | Note
-------+----------+-------------------------------------------
     0 | D:1      | sankara the Demonspawn Necromancer began the quest for the Orb.
     0 | D:1      | Reached XP level 1. HP: 13/13 MP: 3/3
   183 | D:1      | Learned a level 1 spell: Animate Skeleton
   296 | D:1      | Gained mutation: You sometimes gain a little power by taking damage. [demonic ancestry]
   296 | D:1      | Reached XP level 2. HP: 15/19 MP: 0/5
  1021 | D:2      | Reached XP level 3. HP: 23/24 MP: 4/7
  1025 | D:2      | Reached skill level 5 in Necromancy
  1103 | D:2      | Learned a level 3 spell: Vampiric Draining
  1767 | D:2      | Learned a level 3 spell: Regeneration
  1932 | D:2      | Reached XP level 4. HP: 27/30 MP: 4/8
  2186 | D:3      | Reached skill level 1 in Shields
  2353 | D:3      | Noticed Jessica
  2357 | D:3      | Killed Jessica
  2357 | D:3      | Reached XP level 5. HP: 35/35 MP: 4/10
  3409 | D:4      | Reached skill level 6 in Necromancy
  3652 | D:4      | Noticed a phantom
  3694 | D:4      | Killed a phantom
  3694 | D:4      | Gained mutation: You have sharp toenails. [demonic ancestry]
  3694 | D:4      | Reached XP level 6. HP: 26/41 MP: 10/12
  3881 | D:4      | Found a blossoming altar of Fedhas.
  3908 | D:4      | Got a bound granite ring
  3909 | D:4      | Identified the ring "Syf Siadd" {*Corrode rF+ rC+++ Str+4 Int+2} (You found it on level 4 of the Dungeon)
  4433 | D:5      | Entered Level 5 of the Dungeon
  4524 | D:5      | Got a wavering iron amulet
  4525 | D:5      | Identified the amulet of the Thistle {Inacc Str+4 Int+4 Dex+2 Stlth-} (You found it on level 5 of the Dungeon)
  4539 | D:5      | Noticed an ice beast
  4568 | D:5      | Killed an ice beast
  4568 | D:5      | Reached skill level 1 in Maces & Flails
  4568 | D:5      | Gained mutation: You are partially covered in large bone plates. (SH +4) [demonic ancestry]
  4568 | D:5      | Reached XP level 7. HP: 17/46 MP: 2/13
  5162 | D:4      | Learned a level 4 spell: Animate Dead
  5467 | D:5      | Found a staircase to the Ecumenical Temple.
  5474 | Temple   | Entered the Ecumenical Temple
  5572 | Temple   | Became a worshipper of Kikubaaqudgha
  6109 | D:5      | Reached skill level 7 in Necromancy
  6120 | D:5      | HP: 2/46 [poisoned by a killer bee]
  6125 | D:5      | HP: 1/46 [poisoned by a killer bee]
  6127 | D:5      | Succumbed to a killer bee's poison

Vault maps used:
D:1:      dpeg_arrival_prison
D:2:      minmay_quantized
D:3:      cheibrodos_helix_gallery, first_ration, minivault_27,
          kennysheep_generic_room_14, uniq_jessica
D:4:      lemuel_round_altar
D:5:      minmay_temple_entry_butterflies
Temple:   kilobyte_greek_temple

Skill      XL: |  1  2  3  4  5  6  7 |
---------------+----------------------+-----
Necromancy     | 5 6 7 |  7.0
Spellcasting   | 3 4 |  4.9
Shields        | 1 2 3 |  3.7
Maces & Flails | 1 2 |  2.4
Dodging        | |  1.7
Stealth        | |  1.7

Action                   |  1- 3 |  4- 6 |  7- 9 || total
-------------------------+-------+-------+-------++-------
Melee: Unarmed           |     1 |       |       ||     1
       Short sword       |     1 |       |       ||     1
       Dagger            |       |    53 |    53 ||   106
       Mace              |       |    20 |     6 ||    26
       Kick              |       |     8 |     9 ||    17
 Fire: Hunting sling     |    22 |   106 |    21 ||   149
Throw: Stone             |     2 |       |       ||     2
 Cast: Pain              |    64 |    31 |     7 ||   102
       Animate Skeleton  |    11 |    19 |       ||    30
       Regeneration      |       |     8 |    11 ||    19
       Vampiric Draining |       |       |     5 ||     5
  Use: Scroll            |     4 |     2 |     2 ||     8
  Eat: Chunk             |     4 |     9 |     1 ||    14
       Ration            |       |       |     2 ||     2
Armor: Robe              |     1 |    23 |    12 ||    36
Dodge: Dodged            |    17 |    58 |    52 ||   127
Block: Buckler           |     2 |    18 |    57 ||    77

Table legend:
 A = Spawn XP
 B = Non-spawn XP
 C = Spawn XP percentage of total XP
 D = Spawn monster count
 E = Non-spawn monster count
 F = Spawn count percentage of total count
 G = Total turns spent on level
                    A         B        C        D         E        F      G
               +---------+---------+-------+---------+---------+-------+---------
         Total |       0 |    1289 |   0.0 |       0 |     112 |   0.0 |  6127
               +---------+---------+-------+---------+---------+-------+---------
           D:1 |       0 |      38 |   0.0 |       0 |      22 |   0.0 |  1017
           D:2 |       0 |      74 |   0.0 |       0 |      26 |   0.0 |  1122
           D:3 |       0 |     147 |   0.0 |       0 |      31 |   0.0 |   969
           D:4 |       0 |     396 |   0.0 |       0 |      20 |   0.0 |  1651
           D:5 |       0 |     634 |   0.0 |       0 |      13 |   0.0 |  1132
               +---------+---------+-------+---------+---------+-------+---------
